 Dungeon Crawl Stone Soup version 0.30-a0-170-g85af917532 (webtiles) character file.

Game seed: 747103954504139120

165 qw the Chopper (level 5, 0/32 HPs)
             Began as a Gargoyle Fighter on Sept 30, 2022.
             Killed by nerve-wracking pain
             ... invoked by an orc priest
              (7 damage)
             ... on level 3 of the Dungeon.
             The game lasted 00:00:42 (2069 turns).

qw the Chopper (Gargoyle Fighter)                   Turns: 2069, Time: 00:00:42

Health: 0/32       AC: 12    Str: 21    XL:     5   Next: 46%
Magic:  5/5        EV: 13    Int:  9    God:
Gold:   9          SH:  4    Dex:  9    Spells: 4/4 levels left

rFire   . . .      SeeInvis .    Y - +0 war axe (freeze)
rCold   . . .      Faith    .    c - +0 buckler
rNeg    + . .      Spirit   .    b - +0 scale mail
rPois   inf        Reflect  .    (no helmet)
rElec   +          Harm     .    (no cloak)
rCorr   .          Rampage  .    (no gloves)
Will    .....                    h - +0 pair of boots
Stlth   ..........               e - amulet of the acrobat
HPRegen 0.10/turn                j - +4 ring of evasion
MPRegen 0.09/turn                (no ring)

@: no status effects
A: sickness immunity, AC +4, negative energy resistance 1, electricity
resistance, torment resistance 1, petrification resistance
a: no special abilities


You were on level 3 of the Dungeon.
You visited 1 branch of the dungeon, and saw 3 of its levels.

You collected 69 gold pieces.
You spent 60 gold pieces at shops.


Innate Abilities, Weirdness & Mutations

You are immune to sickness and miasma.
Your stone body is resilient. (AC +4)
You are immune to poison.
You resist negative energy. (rN+)
You are resistant to electric shocks. (rElec)
You are resistant to unholy torment.
You are immune to petrification.


   Skills:
 + Level 3.2 Fighting
 - Level 5.0 Axes
 - Level 3.2 Armour
 - Level 3.2 Shields


You had 4 spell levels left.
You didn't know any spells.
Your spell library was empty.

Inventory:

Hand Weapons
 g - a +0 club
 Y - a +0 war axe of freezing (weapon)
Armour
 b - a +0 scale mail (worn)
 c - a +0 buckler (worn)
 h - a +0 pair of boots (worn)
Jewellery
 e - an amulet of the acrobat (around neck)
 j - a +4 ring of evasion (left hand)
Scrolls
 a - a scroll of identify
Potions
 d - 2 potions of might
 f - 2 potions of curing
 m - a potion of haste
 o - a potion of brilliance {unknown}

Dungeon Overview and Level Annotations

Branches:
Dungeon (3/15)

Altars:

Shops:
D:3 *


Message History

The orc is heavily wounded.
The orc hits you but does no damage. The orc priest barely misses you.
You barely miss the orc.
The orc is heavily wounded.
You closely miss the orc priest. The orc hits you with a +0 short sword.
The orc priest hits you but does no damage.
You barely miss the orc.
The orc is heavily wounded.
You hit the orc priest. You freeze the orc priest. The orc barely misses you.
The orc priest hits you but does no damage.
You slash the orc! You freeze the orc.
You kill the orc!
You barely miss the orc priest.
The orc priest invokes the aid of Beogh against you.
Beogh smites you! The orc priest closely misses you.
You barely miss the orc priest.
The orc priest is lightly wounded.
The orc priest miscasts a cantrip.
The orc priest invokes the aid of Beogh against you.
Beogh smites you!
You slash the orc priest! You freeze the orc priest.
You kill the orc priest!
The bat misses you.
Your Axes skill increases to level 5!
You closely miss the orc priest. The orc priest misses you.
You hit the orc priest. You freeze the orc priest.
The orc priest is lightly wounded.
The orc priest hits you with a +0 war axe.
The orc priest barely misses you.
You closely miss the orc priest.
The orc priest is lightly wounded.
The orc priest barely misses you.
You hit the orc priest but do no damage.
The orc priest is lightly wounded.
The orc priest calls down the wrath of Beogh upon you.
Pain shoots through your body!
You die...

#........#
#........
##..######
#.######.
####.##._.##
#.#
#....#.8.8.#
...
#....#$..$$#
.>.
#....#.8.8$
...
#....##.b.
.....
####..##o#
##..)@#
######


You could see an orc priest and a bat.

Vanquished Creatures
  A necrophage (D:3)
  An orc priest (D:3)
  2 adders (D:2)
  2 worms (D:2)
  A dart slug (D:2)
  2 orcs (D:3)
  2 endoplasms
  A giant cockroach (D:2)
  5 goblins
  3 hobgoblins (D:2)
  3 jackals (D:2)
  A quokka (D:1)
  8 ball pythons
  3 bats
  A frilled lizard (D:1)
  6 kobolds
  4 rats
46 creatures vanquished.

Notes
Turn   | Place    | Note
-------+----------+-------------------------------------------
     0 | D:1      | qw the Gargoyle Fighter began the quest for the Orb.
     0 | D:1      | Reached XP level 1. HP: 14/14 MP: 1/1
     0 | D:1      | 0 ||| qw: Version: 0.2-a-13-gfc7b4b4
     0 | D:1      | 0 ||| qw: Game counter: 1660
     0 | D:1      | 0 ||| qw: Always use a shield: true
     0 | D:1      | 0 ||| qw: God list: Okawaru
     0 | D:1      | 0 ||| qw: Allow faded altars: false
     0 | D:1      | 0 ||| qw: Do Orc after D:15 true
     0 | D:1      | 0 ||| qw: Do second Lair branch before Depths: true
     0 | D:1      | 0 ||| qw: Lair rune preference: random
     0 | D:1      | 0 ||| qw: Plans: Normal, Zot:1-4, God:TSO, Crypt, Tomb,
                  | Pan, Slime:5, Hells, Abyss, Orb
     0 | D:1      | 0 ||| PLANNING D:1-11
    40 | D:1      | Reached skill level 2 in Axes
    94 | D:1      | Reached XP level 2. HP: 8/19 MP: 2/2
   394 | D:1      | 394 ||| Stepping ~*~*~tactically~*~*~ (stealth).
   400 | D:1      | 400 ||| Stepping ~*~*~tactically~*~*~ (stealth).
   733 | D:1      | 733 ||| UPGRADING to +0 pair of boots.
   738 | D:1      | 738 ||| UPGRADING to amulet of the acrobat.
   743 | D:1      | 743 ||| UPGRADING to +4 ring of evasion.
   744 | D:1      | 744 ||| READING 2 scrolls labelled NIOCUCI HEIGI.
   745 | D:1      | 745 ||| READING scroll labelled QACZARPH KEOROH.
   746 | D:1      | 746 ||| READING scroll labelled RUCLI KITZUHY.
   747 | D:1      | 747 ||| READING scroll labelled SIAR CASMUTASE.
   748 | D:1      | 748 ||| DROPPING scroll of amnesia.
   797 | D:2      | Reached skill level 3 in Axes
   797 | D:2      | Reached XP level 3. HP: 22/23 MP: 3/3
   978 | D:2      | 978 ||| Stepping ~*~*~tactically~*~*~ (stealth).
  1048 | D:2      | 1048 ||| Stepping ~*~*~tactically~*~*~ (stealth).
  1054 | D:2      | 1054 ||| Stepping ~*~*~tactically~*~*~ (stealth).
  1068 | D:2      | 1068 ||| Stepping ~*~*~tactically~*~*~ (stealth).
  1095 | D:2      | 1095 ||| Stepping ~*~*~tactically~*~*~ (hiding).
  1350 | D:2      | Reached XP level 4. HP: 28/28 MP: 4/4
  1351 | D:2      | 1351 ||| Stepping ~*~*~tactically~*~*~ (stealth).
  1851 | D:2      | 1851 ||| READING scroll labelled FUBOLU QAIR.
  1852 | D:2      | 1852 ||| DRINKING 2 puce potions.
  1853 | D:2      | 1853 ||| READING 3 scrolls of identify.
  1853 | D:2      | 1853 ||| IDENTIFYING smoky black potion
  1854 | D:2      | 1854 ||| READING 2 scrolls of identify.
  1854 | D:2      | 1854 ||| IDENTIFYING brown potion
  1855 | D:2      | 1855 ||| DROPPING potion of invisibility.
  1856 | D:2      | 1856 ||| DROPPING potion of flight.
  1873 | D:3      | Found Plog's General Store.
  1880 | D:3      | 1880 ||| BUYING 2 potions of curing (60 gold).
  1880 | D:3      | Bought 2 potions of curing for 60 gold pieces
  1880 | D:3      | 1880 ||| SHOPLISTING potion of curing (30 gold, have 9).
  1880 | D:3      | 1880 ||| SHOPLISTING potion of heal wounds (50 gold, have
                  | 9).
  1880 | D:3      | 1880 ||| SHOPLISTING scroll of enchant weapon (75 gold,
                  | have 9).
  1902 | D:3      | Noticed a necrophage
  1903 | D:3      | 1903 ||| Stepping ~*~*~tactically~*~*~ (stealth).
  1923 | D:3      | Killed a necrophage
  1924 | D:3      | Reached skill level 4 in Axes
  1924 | D:3      | Reached XP level 5. HP: 21/32 MP: 5/5
  2064 | D:3      | HP: 8/32 [orc priest/divine providence (12)]
  2066 | D:3      | Reached skill level 5 in Axes
  2069 | D:3      | Killed from afar by an orc priest

Levels and vault maps discovered:
D:1:      nicolae_arrival_memento_mori, layout_rooms
D:2:      layout_basic
D:3:      layout_basic, serial_shops, nicolae_shop_statue_plus,
          gammafunk_ghost_smash, grunt_decor_one_mirror, kennysheep_orc_chapel

Skill      XL: |  1  2  3  4  5 |
---------------+----------------+-----
Axes           | 2 3 4 5 |  5.0
Fighting       | |  3.2
Armour         | |  3.2
Shields        | |  3.2

Action                   |  1- 3 |  4- 6 || total
-------------------------+-------+-------++-------
Melee: War axe           |    94 |    41 ||   135
  Use: Scroll            |     4 |     3 ||     7
       Potion            |       |     1 ||     1
Armor: Scale mail        |    34 |    15 ||    49
Dodge: Dodged            |    59 |    13 ||    72
Block: Buckler           |    18 |    12 ||    30

Table legend:
 A = Non-vault XP
 B = Vault XP
 C = Vault XP percentage of total XP
 D = Non-vault monster count
 E = Vault monster count
 F = Vault count percentage of total count
                 A         B        C        D         E       F
            +---------+---------+-------+---------+---------+-------
      Total |     186 |      50 |  21.2 |      43 |       3 |   6.5
            +---------+---------+-------+---------+---------+-------
        D:1 |      26 |       0 |   0.0 |      18 |       0 |   0.0
        D:2 |      69 |       0 |   0.0 |      22 |       0 |   0.0
        D:3 |      91 |      50 |  35.5 |       3 |       3 |  50.0
            +---------+---------+-------+---------+---------+-------
